 Dungeon Crawl Stone Soup version 0.28.0-45-g0d030f2227 (webtiles) character file.

Game seed: 5280798701393720560

24 101zpm the Chiller (level 2, -3/19 HPs)
             Began as a Vampire Ice Elementalist on Apr 12, 2022.
             Frozen to death by an endoplasm (5 damage)
             ... on level 1 of the Dungeon.
             The game lasted 00:02:59 (1387 turns).

101zpm the Chiller (Vampire Ice Elementalist)       Turns: 1387, Time: 00:02:59

Health: -3/19      AC:  3    Str:  7    XL:     2   Next: 79%
Magic:  4/5        EV: 12    Int: 17    God:
Gold:   69         SH:  0    Dex: 14    Spells: 4/5 levels left

rFire   . . .      SeeInvis +   c - +0 hand axe (venom)
rCold   . . .      Faith    .   (no shield)
rNeg    . . .      Spirit   .   a - +0 robe
rPois   .          Reflect  .   (no helmet)
rElec   .          Harm     .   g - +0 cloak
rCorr   .          Rampage  .   (no gloves)
Will    +....                   (no boots)
Stlth   ++........              (no amulet)
HPRegen 0.26/turn               h - ring of willpower
MPRegen 0.09/turn               (no ring)

@: healing quickly
A: alive, fangs 3, see invisible, vampiric 1
a: Exsanguinate


You were on level 1 of the Dungeon.
You visited 1 branch of the dungeon, and saw 3 of its levels.

You collected 69 gold pieces.

Inventory:

Hand Weapons
 c - a +0 hand axe of venom (weapon)
Armour
 a - a +0 robe (worn)
 g - a +0 cloak (worn)
Jewellery
 h - a ring of willpower (left hand)
Wands
 e - a wand of acid (7)
Scrolls
 b - a scroll of enchant armour {unknown}
 d - a scroll of fear {unknown}
 f - a scroll of blinking {unknown}
Potions
 i - a potion of curing {unknown}
 j - a potion of mutation {unknown}


   Skills:
 + Level 0.1 Axes
 + Level 2.4 Dodging
 + Level 3.4 Stealth
 + Level 2.2 Spellcasting
 + Level 4.4 Ice Magic


You had 4 spell levels left.
You knew the following spells:

 Your Spells              Type           Power      Damage    Failure   Level
a - Freeze                Ice            68%        1d8       3%          1

Your spell library contained the following spells:

 Spells                   Type           Power      Damage    Failure   Level
 Frozen Ramparts          Ice            34%        1d5       9%          3
 Ozocubu's Armour         Ice            17%        N/A       9%          3
 Animate Skeleton         Necr           2%         N/A       19%         1
 Pain                     Necr           4%         1d4       19%         1
 Vampiric Draining        Necr           1%         2d6       50%         3
 Hailstorm                Conj/Ice       9%         3d4       58%         4


Dungeon Overview and Level Annotations

Branches:
Dungeon (3/15)

Altars:
Dithmenos
Okawaru

Shops:
D:1 :

Annotations:
D:2 Terence


Innate Abilities, Weirdness & Mutations

Your natural rate of healing is accelerated.
You have razor-sharp teeth.
You have supernaturally acute eyesight. (SInv)
You are afflicted with vampirism.


Message History

A quokka comes into view.
The kobold hits you but does no damage.
You miss the kobold. You hit the endoplasm but do no damage.
The kobold hits you with a +0 whip. The endoplasm hits you.
The quokka bites you.
You hit the quokka.
The quokka is poisoned.
The quokka is almost dead.
You closely miss the kobold. You hit the endoplasm.
The kobold hits you with a +0 whip. The endoplasm barely misses you.
The quokka bites you but does no damage.
The kobold closely misses you.
You are too injured to fight recklessly!
You are too injured to fight recklessly!
You are too injured to fight recklessly!
You are too injured to fight recklessly!
You are too injured to fight recklessly!
You are too injured to fight recklessly!
You are too injured to fight recklessly!
You are too injured to fight recklessly!
You are too injured to fight recklessly!
You are too injured to fight recklessly!
You are too injured to fight recklessly!
You are too injured to fight recklessly!
You are too injured to fight recklessly!
You are too injured to fight recklessly!
You are too injured to fight recklessly!
You are too injured to fight recklessly!
You are too injured to fight recklessly!
You feel a bit more experienced. The endoplasm freezes you.
You are frozen.
* * * LOW HITPOINT WARNING * * *
Aiming: Freeze (safe; 3% risk of failure)
Press: ? - help, Q - select action, (/) - cycle Shift-Dir - straight line, f - endoplasm
Aim: an endoplasm (heavily wounded)
You freeze the endoplasm.
The endoplasm is almost dead.
The endoplasm freezes you.
You are frozen.
You die...

#.# #.
#.# ##
#.# #.#
#.# #.#
#.# #.#
#@#####
#J#...#
#rK.#
#...#
#.#...
#.#.##=#
#.#.# ..
#.#.. #.
#.###


You could see an endoplasm, a kobold and a rat.

Vanquished Creatures
  4 ball pythons
  4 bats
  2 endoplasms (D:3)
  3 goblins
  3 hobgoblins
  A quokka (D:1)
  A frilled lizard (D:1)
  A kobold (D:3)
  3 rats
22 creatures vanquished.

Notes
Turn   | Place    | Note
-------+----------+-------------------------------------------
     0 | D:1      | 101zpm the Vampire Ice Elementalist began the quest for the
                  | Orb.
     0 | D:1      | Reached XP level 1. HP: 13/13 MP: 3/3
   130 | D:2      | You fall into a shaft and drop 1 floor!
   498 | D:2      | Reached XP level 2. HP: 19/19 MP: 3/5
   547 | D:2      | Noticed Terence
   578 | D:3      | Found an iron altar of Okawaru.
   978 | D:3      | Found a shadowy altar of Dithmenos.
  1171 | D:1      | Found Zintidus's Book Boutique.
  1387 | D:1      | Frozen to death by an endoplasm

Illustrated notes

Levels and vault maps discovered:
D:1:      dpeg_arrival_pits, layout_loops_ring, serial_shops, shop_fountains,
          ebering_ecumenical_altar_hall, minmay_tall_x
D:2:      minmay_diamond_boxcup, layout_loops_ring, uniq_natasha, uniq_terence
D:3:      layout_basic, okawaru_ov_weapons_minmay,
          nicolae_dithmenos_through_a_glass_darkly

Action                   || total
-------------------------++-------
Melee: Unarmed           ||     6
       Hand axe          ||    24
 Cast: Freeze            ||    11
 Stab: Sleeping          ||     7
Armor: Robe              ||    13
Dodge: Dodged            ||    29
